 Dungeon Crawl Stone Soup version 0.12.3 (webtiles) character file.

168 Chiseanne the Sneak (level 4, -4/36 HPs)
             Began as a Naga Enchanter on Sept 28, 2013.
             Killed by divine providence
             ... invoked by an orc priest
              (9 damage)
             ... on Level 3 of the Dungeon.
             The game lasted 00:07:17 (1951 turns).

Chiseanne the Sneak (Naga Enchanter)                Turns: 1951, Time: 00:07:17

HP  -4/36        AC  3     Str 11      XL: 4   Next: 33%
MP   7/7         EV 10     Int 15      God:
Gold 91          SH  0     Dex 12      Spells:  1 memorised,  4 levels left

Res.Fire  : . . .   See Invis. : +   a - +1,+2 short sword (venom)
Res.Cold  : . . .   Warding    : .   b - +1 robe
Life Prot.: . . .   Conserve   : .   (no shield)
Res.Poison: +       Res.Corr.  : .   (no helmet)
Res.Elec. : .       Clarity    : .   (no cloak)
Sust.Abil.: . .     Spirit.Shd : .   (no gloves)
Res.Mut.  : .       Stasis     : .   (no barding)
Res.Rott. : .       Ctrl.Telep.: .   (no amulet)
Saprovore : . . .   Flight     : .   (no ring)
                                     l - ring of sustenance

@: very slow, slightly resistant to hostile enchantments, stealthy
A: spit poison, see invisible, breathe flames 1, deformed body, poison
resistance, slowness 2, AC +1
a: Spit Poison, Breathe Fire


You were on level 3 of the Dungeon.
You were not hungry.

You visited 1 branch of the dungeon, and saw 3 of its levels.

You collected 71 gold pieces.

Inventory:

Hand weapons
 a - a +1,+2 short sword of venom (weapon)
 e - a +0,+0 long sword
Missiles
 d - 4 darts (quivered)
 n - 8 darts of frost
 s - 18 poisoned needles
 t - 6 needles of sleeping
Armour
 b - a +1 robe (worn)
Magical devices
 p - a wand of slowing (6)
Comestibles
 f - 2 bread rations
 q - a meat ration
Scrolls
 g - 5 scrolls of identify
 m - 3 scrolls of noise {unknown}
 r - a scroll of recharging {unknown}
 w - a scroll of teleportation {unknown}
Jewellery
 l - a ring of sustenance (left hand)
Books
 c - a book of Maledictions

   Spells                             Type                      Level
   *Corona                            Hexes                        1
   Sure Blade                         Hexes/Charms                 2
   Ensorcelled Hibernation            Hexes/Ice                    2
   Confuse                            Hexes                        3
   Enslavement                        Hexes                        4
   Invisibility                       Hexes                        6


   Skills:
 * Level 1.2 Fighting
 * Level 1.4 Short Blades
 * Level 1.3 Throwing
 * Level 2.5 Dodging
 * Level 3.7 Stealth
 - Level 1.0 Stabbing
 * Level 1.1 Spellcasting
 * Level 3.2 Hexes


You had 4 spell levels left.
You knew the following spells:

 Your Spells              Type           Power        Failure   Level  Hunger
a - Corona                Hex            ###.....     8%          1    ##.....


Dungeon Overview and Level Annotations

Branches:
Dungeon (3/27)

Altars:


Innate Abilities, Weirdness & Mutations

You cannot wear boots.
You can spit poison.
Your serpentine skin is tough (AC +1).
You have supernaturally acute eyesight.
Armour fits poorly on your strangely shaped body.
Your system is resistant to poisons.
You cover ground very slowly.
You can breathe flames.


Message History

The adder completely misses you.
The orc wizard gestures wildly while chanting.
The orc wizard seems to speed up.
The orc wizard mumbles some strange words.
You feel troubled.
There is a stone staircase leading up here.
You closely miss the adder. The adder closely misses you.
The adder barely misses you.
The orc throws an orcish spear.
The orcish spear hits you!
The orc priest invokes the aid of Beogh against you.
Something smites you!
You hit the adder.
The adder is moderately wounded.
The adder bites you.
The orc throws an orcish spear.
The orcish spear hits you!
* * * LOW HITPOINT WARNING * * *
The adder bites you.
* * * LOW HITPOINT WARNING * * *
The orc priest mumbles some strange prayers to Beogh against you.
Something smites you!
You die...

# ... #.# ... #
###.#.#.#
.#####.####...^.....
..$.....@S.o#
..####...Ko.K.......
......##o##.#.#.#
####.# #o# .K. ...
#.# #.# #### #o. ...
### #


You could see an orc priest, 2 orc wizards, an adder, an orc and 2 kobolds.

Vanquished Creatures
  3 adders (D:2)
  A giant mite (D:2)
  A worm (D:2)
  6 bats
  A giant cockroach (D:2)
  9 goblins
  5 hobgoblins
  A giant gecko (D:2)
  A giant newt (D:1)
  3 jackals (D:2)
  4 kobolds
  5 rats
40 creatures vanquished.

Notes
Turn   | Place    | Note
--------------------------------------------------------------
     0 | D:1      | Chiseanne, the Naga Enchanter, began the quest for the Orb.
     0 | D:1      | Reached XP level 1. HP: 15/15 MP: 3/3
   227 | D:1      | Gained mutation: You can breathe flames. [potion of mutation]
   242 | D:1      | Reached skill level 1 in Throwing
   288 | D:1      | Reached XP level 2. HP: 16/22 MP: 4/4
   811 | D:2      | Reached XP level 3. HP: 24/28 MP: 5/5
   849 | D:2      | Reached skill level 1 in Fighting
  1557 | D:2      | Reached XP level 4. HP: 36/36 MP: 7/7
  1951 | D:3      | Killed from afar by an orc priest

Action                   |  1- 3 |  4- 6 || total
-------------------------+-------+-------++-------
Melee: Short sword       |    72 |    31 ||   103
Throw: Dart              |     3 |     2 ||     5
 Abil: Spit Poison       |     1 |       ||     1
Evoke: Wand              |     2 |       ||     2
  Use: Potion            |     2 |       ||     2
       Scroll            |       |     6 ||     6
 Stab: Sleeping          |     2 |     2 ||     4
